 Dungeon Crawl Stone Soup version 0.29.1-15-g9cfb28693d (webtiles) character file.

Game seed: 2462966879370284664

32 GeoRichter the Sneak (level 3, 0/20 (21) HPs)
             Began as a Kobold Brigand on Feb 28, 2023.
             Slain by Jessica
             ... wielding a +2 dagger of draining
              (4 damage)
             ... on level 2 of the Dungeon.
             The game lasted 00:01:37 (856 turns).

GeoRichter the Sneak (Kobold Brigand)                Turns: 856, Time: 00:01:38

HP:   0/20 (21)     AC:  4    Str:  8    XL:     3   Next: 42%
MP:   3/3           EV: 14    Int: 12    God:
Gold: 86            SH:  0    Dex: 18    Spells: 2/2 levels left

rFire   . . .      SeeInvis .   b - +2 short sword (drain)
rCold   . . .      Faith    .   (no shield)
rNeg    . . .      Spirit   .   l - +0 robe
rPois   +          Reflect  .   (no helmet)
rElec   .          Harm     .   c - +0 cloak
rCorr   .          Rampage  .   r - +0 pair of gloves
Will    .....                   (no boots)
Stlth   ++++......              (no amulet)
HPRegen 0.06/turn               n - ring of poison resistance
MPRegen 0.08/turn               (no ring)

@: lightly drained
A: small, no large weapons, nightstalker 3
a: no special abilities


You were on level 2 of the Dungeon.
You visited 1 branch of the dungeon, and saw 2 of its levels.

You collected 86 gold pieces.

Inventory:

Hand Weapons
 a - a +2 dagger
 b - a +2 short sword of draining (weapon)
   (You took it off a kobold on level 1 of the Dungeon)
Missiles
 d - 9 poisoned darts (quivered)
 e - 3 curare-tipped darts {!f}
Armour
 c - a +0 cloak (worn)
 l - a +0 robe (worn)
 r - a +0 pair of gloves (worn)
   (You found it on level 1 of the Dungeon)
Jewellery
 n - a ring of poison resistance (left hand)
   (You found it on level 1 of the Dungeon)
Scrolls
 i - a scroll of enchant weapon {unknown}
 j - a scroll of teleportation {unknown}
 k - a scroll of torment {unknown}
 m - a scroll of magic mapping {unknown}
 p - a scroll of amnesia {unknown}
 q - a scroll of brand weapon {unknown}
Potions
 f - a potion of cancellation {unknown}
 g - 2 potions of magic {unknown}
 h - a potion of brilliance {unknown}
 o - a potion of flight {unknown}


   Skills:
 - Level 2.1 Fighting
 * Level 4.2 Short Blades
 - Level 2.1 Throwing
 - Level 1.2 Dodging
 + Level 5.8 Stealth


You had 2 spell levels left.
You didn't know any spells.
Your spell library was empty.

Dungeon Overview and Level Annotations

Branches:
Dungeon (2/15) Zot: 11152

Altars:

Annotations:
D:2 Jessica


Innate Abilities, Weirdness & Mutations

You are small and have problems with some larger weapons.
You are completely attuned to the shadows.


Message History

A bat is nearby!
A bat is nearby!
The helpless bat fails to defend itself.
You impale the bat!!
You kill the bat!
No target in view!
Found a spear.
There is a fountain of clear blue water here.
Found 7 gold pieces.
You now have 86 gold pieces (gained 7).
Found a stone staircase leading up.
There is a stone staircase leading up here.
A frilled lizard comes into view.
A frilled lizard is nearby!
A frilled lizard is nearby!
The helpless frilled lizard fails to defend itself.
You impale the frilled lizard!!
You kill the frilled lizard!
No target in view!
Found a stone staircase leading down.
Found a stone staircase leading down.
There is a stone staircase leading down here.
An adder comes into view.
Jessica the Apprentice Sorceress comes into view.
She is wielding a +2 dagger of draining.
The adder barely misses you.
There is a stone staircase leading down here.
The adder attacks as you move away! The adder bites you.
You closely miss the adder. The adder closely misses you.
You hit the adder but do no damage. You drain the adder.
The adder closely misses you. The adder misses you.
You hit the adder. The adder closely misses you.
You hit the adder. You drain the adder.
You kill the adder!
There is a stone staircase leading down, spattered with blood here.
You see here an adder corpse.
Jessica shouts!
Jessica mumbles something strange.
Jessica points at you and mumbles some strange words.
Pain shoots through your body!
Ouch! That really hurt!
* * * LOW HITPOINT WARNING * * *
Jessica hits you with a +2 dagger of draining.
* * * LOW HITPOINT WARNING * * *
You feel drained.
* * * LOW HITPOINT WARNING * * *
Okay, then.
You closely miss Jessica. Jessica closely misses you.
You barely miss Jessica.
Jessica hits you with a +2 dagger of draining.
You die...

.# ##.# #
...
#.#######.#
........@.#
##.>...@..#
#..#######
#..# #>.#
####..#
......#
#####.# #.#


You could see Jessica.

Vanquished Creatures
  An adder (D:2)
  2 endoplasms (D:1)
  3 goblins (D:1)
  5 hobgoblins (D:1)
  A ball python (D:1)
  4 bats
  2 frilled lizards
  2 kobolds (D:1)
  4 rats (D:1)
24 creatures vanquished.

Notes
Turn   | Place    | Note
-------+----------+-------------------------------------------
     0 | D:1      | GeoRichter the Kobold Brigand began the quest for the Orb.
     0 | D:1      | Reached XP level 1. HP: 12/12 MP: 1/1
   148 | D:1      | Reached XP level 2. HP: 17/17 MP: 2/2
   337 | D:1      | Found a faded altar of an unknown god.
   525 | D:1      | Reached XP level 3. HP: 21/21 MP: 3/3
   845 | D:2      | Noticed Jessica
   856 | D:2      | Slain by Jessica

Illustrated notes

Levels and vault maps discovered:
D:1:      dpeg_arrival_rooms_with_view, layout_rooms,
          shapermc_ecumenical_altar_mp_urbaneastern, hex_medium,
          hangedman_decor_growths, minmay_pentomino_s4
D:2:      minmay_diamond_boxcup, layout_loops_ring, grunt_decor_mini_mirrors,
          uniq_jessica, uniq_robin, uniq_natasha

Skill      XL: |  1  2  3 |
---------------+----------+-----
Short Blades   | 3 4 |  4.2
Fighting       | |  2.1
Throwing       | |  2.1
Dodging        | |  1.2
Stealth        | |  5.8

Action                   || total
-------------------------++-------
Melee: Dagger            ||    35
       Short sword       ||    20
Throw: Dart              ||     5
 Stab: Sleeping          ||     9
Armor: Robe              ||     8
Dodge: Dodged            ||    34
